 Dungeon Crawl Stone Soup version 0.20-a0-1040-gfd09691 (webtiles) character file.

21970 denmord the Severer (level 12, 0/108 HPs)
             Began as a Minotaur Fighter on Apr 23, 2017.
             Was an Elder of the Shining One.
             Slain by an orc warrior
             ... wielding a +0 glaive
              (13 damage)
             ... on level 11 of the Dungeon.
             The game lasted 01:05:42 (12828 turns).

denmord the Severer (Minotaur Fighter)             Turns: 12828, Time: 01:05:43

Health: 0/108      AC: 19    Str: 25    XL:     12   Next: 58%
Magic:  11/11      EV:  8    Int:  5    God:    the Shining One [****..]
Gold:   342        SH: 13    Dex: 11    Spells: 11/11 levels left

rFire    . . .     SeeInvis .   W - +0 war axe (flame)
rCold    + . .     Gourm    .   c - +0 shield
rNeg     + + +     Faith    +   G - +0 plate armour
rPois    +         Spirit   .   (helmet restricted)
rElec    .         Reflect  .   C - scarf {rC+}
rCorr    .         Harm     .   E - +2 pair of gloves
MR       .....                  (no boots)
Stlth    ..........             l - amulet of faith
Regen    0.3/turn               Y - ring of positive energy
MPRegen  0.2/turn               w - ring of poison resistance

@: about to teleport, glowing
A: retaliatory headbutt, horns 2
a: Divine Shield, Cleansing Flame, Renounce Religion


You were on level 11 of the Dungeon.
You worshipped the Shining One.
The Shining One was greatly pleased with you.
You were not hungry.

You visited 2 branches of the dungeon, and saw 12 of its levels.

You collected 629 gold pieces.
You spent 287 gold pieces at shops.

Inventory:

Hand Weapons
 T - a +1 battleaxe of holy wrath
 W - a +0 war axe of flaming (weapon)
Armour
 c - a +0 shield (worn)
 C - a scarf of cold resistance (worn)
 E - a +2 pair of gloves (worn)
 F - a +0 large shield
 G - a +0 plate armour (worn)
Jewellery
 l - an amulet of faith (around neck)
 v - a +3 ring of dexterity
 w - a ring of poison resistance (right hand)
 z - an uncursed ring of flight
 S - a +3 ring of intelligence
 V - an uncursed ring of stealth
 Y - a ring of positive energy (left hand)
Wands
 g - a wand of flame (37/48)
 y - a wand of flame (30/48)
 B - a wand of enslavement (9/24)
 P - a wand of polymorph (6/24)
 Z - a wand of acid (6/15)
Scrolls
 b - 2 scrolls of blinking
 e - 2 scrolls of enchant weapon
 f - 4 scrolls of teleportation
 p - a scroll of fear
 q - 3 scrolls of magic mapping
 t - 2 scrolls of amnesia
 A - a scroll of fog
 D - a scroll of recharging
 L - 2 scrolls of vulnerability
 O - 2 scrolls of enchant armour
 R - 2 scrolls of noise
 X - a scroll of summoning {unknown}
Potions
 d - a potion of might
 h - a potion of degeneration
 i - 2 potions of lignification
 m - a potion of magic
 n - a potion of brilliance
 o - a potion of agility
 r - a potion of flight
 x - 3 potions of ambrosia
 H - a potion of berserk rage
 J - a potion of haste
Comestibles
 j - 7 fruits
 k - 2 bread rations
 s - 11 royal jellies
 u - 3 meat rations


   Skills:
 + Level 10.7 Fighting
 + Level 15.4 Axes
 + Level 12.1 Armour
 + Level 2.2 Dodging
 - Level 1.0 Stealth
 + Level 12.0 Shields


You had 11 spell levels left.
You didn't know any spells.

Dungeon Overview and Level Annotations

Branches:
Dungeon (11/15)            Temple (1/1) D:5            Lair (0/6) D:11
    Orc (0/2) D:9

Altars:
Ashenzari
Cheibriados
Dithmenos
Elyvilon
Fedhas
Gozag
Hepliaklqana
Kikubaaqudgha
Makhleb
Nemelex Xobeh
Okawaru
Qazlal
Ru
Sif Muna
Trog
Uskayaw
Vehumet
Wu Jian
Xom
Yredelemnul
Zin
The Shining One

Shops:
D:7 ?


Innate Abilities, Weirdness & Mutations

You reflexively headbutt those who attack you in melee.
You have a pair of horns on your head.


Message History

The orc warrior barely misses you. You block the yak's attack.
You hit the yak. You burn the yak. You headbutt the yak!
You kill the yak!
The orc warrior hits you from afar with a glaive!
* * * LOW HITPOINT WARNING * * *
You slice the yak!! You burn the yak.
The yak is severely wounded.
The yak gores you but does no damage.
You hit the yak. You burn the yak.
The yak is severely wounded.
The orc warrior hits you from afar with a glaive!
* * * LOW HITPOINT WARNING * * *
The yak gores you but does no damage.
You hit the yak. You burn the yak.
The yak is almost dead.
Okay, then.
As you read the scroll of teleportation, it crumbles to dust.
You feel strangely unstable. You block the yak's attack.
The orc warrior hits you from afar with a glaive!
You die...

≈≈≈≈≈....≈≈≈≈≈≈≈≈≈≈≈≈ ..
..................o.H.( ..
.....................h
.....
.....................
......
..................o.. ..
... ............h...h....
..##'##
.....#####...........
..#...##########.#
#.##########
..#........... #@# #h# #
..#.......######Y# #.#
###...)...#....oZ# +.#
..........#.....Y# #.#
..........#....[.# #..
#####..[..#......# +..
....#...:.'......# #...
....#.....#......#####...
....#.....#...............


You could see 2 yaks, an orc warrior and a worker ant zombie.

Vanquished Creatures
  A stone giant (D:9)
  The ghost of Denreik the Spear-Bearer, a journeyman FoCK of Xom (D:11)
  4 two-headed ogres
  3 death yaks (D:11)
  A tengu warrior (D:9)
  A deep elf knight (D:9)
  2 unseen horrors
  An orc knight (D:11)
  Pikel (D:7)
  The ghost of aweigh the Nimble, a novice KoGl of Okawaru (D:9)
  A wolf spider (D:9)
  A cyclops (D:11)
  An ugly thing (D:11)
  2 manticores (D:11)
  A centaur skeleton (D:11)
  A gargoyle (D:10)
  A troll (D:9)
  A slime creature (D:9)
  A hippogriff (D:10)
  17 yaks
  A wraith (D:10)
  A human (D:7)
  3 hogs (D:7)
  Menkaure (D:6)
  13 wargs (D:11)
  An acid dragon (D:11)
  Duvessa (D:7)
  A porcupine (D:11)
  3 ice beasts
  A sky beast (D:5)
  5 orc warriors
  3 slaves (D:7)
  3 phantoms
  5 ogres
  3 centaurs
  A big kobold (D:6)
  5 bullfrogs
  A wyvern zombie (D:10)
  Dowan (D:7)
  2 scorpions (D:5)
  A water moccasin skeleton (D:6)
  5 killer bees (D:8)
  3 howler monkeys
  3 crimson imps
  A centaur zombie (D:6)
  5 hounds
  A quasit (D:9)
  3 jellies
  9 orc priests
  14 orc wizards
  6 iguanas
  6 worker ants
  A hound zombie (D:5)
  A hound skeleton (D:4)
  5 gnolls
  A howler monkey skeleton (D:8)
  12 adders
  3 shadow imps
  An adder skeleton (D:7)
  2 worms
  3 dart slugs
  5 leopard geckos
  50 orcs
  2 ball pythons
  6 bats
  9 giant cockroaches
  11 goblins
  2 hobgoblins
  3 jackals (D:1)
  10 kobolds
  6 quokkas
  10 frilled lizards
  A leopard gecko skeleton (D:4)
  A leopard gecko zombie (D:6)
  8 rats
308 creatures vanquished.

Vanquished Creatures (others)
  An orc (D:5)
1 creature vanquished.

Grand Total: 309 creatures vanquished

Notes
Turn   | Place    | Note
-------+----------+-------------------------------------------
     0 | D:1      | denmord the Minotaur Fighter began the quest for the Orb.
     0 | D:1      | Reached XP level 1. HP: 19/19 MP: 0/0
   434 | D:1      | Reached XP level 2. HP: 24/27 MP: 1/1
   569 | D:1      | Found a shattered altar of Ashenzari.
   884 | D:1      | Reached XP level 3. HP: 29/33 MP: 2/2
   924 | D:1      | Reached skill level 3 in Axes
  1300 | D:2      | Reached XP level 4. HP: 30/40 MP: 3/3
  1925 | D:3      | Reached skill level 4 in Axes
  2093 | D:4      | Found a radiant altar of Vehumet.
  2098 | D:4      | Noticed a phantom
  2129 | D:4      | Killed a phantom
  2129 | D:4      | Reached XP level 5. HP: 10/47 MP: 4/4
  2402 | D:4      | Reached skill level 5 in Axes
  2600 | D:4      | Reached XP level 6. HP: 53/55 MP: 5/5
  2701 | D:4      | Reached skill level 5 in Shields
  2871 | D:4      | Reached skill level 5 in Armour
  3012 | D:4      | Reached skill level 5 in Fighting
  3310 | D:4      | Reached skill level 6 in Axes
  3318 | D:4      | Reached XP level 7. HP: 59/61 MP: 6/6
  3397 | D:5      | Entered Level 5 of the Dungeon
  3558 | D:5      | Reached skill level 1 in Dodging
  3891 | D:5      | Reached skill level 7 in Axes
  4231 | D:5      | You fall through a shaft for 2 floors!
  4280 | D:6      | Reached XP level 8. HP: 70/70 MP: 7/7
  4804 | D:5      | Found a staircase to the Ecumenical Temple.
  4815 | Temple   | Entered the Ecumenical Temple
  5004 | Temple   | Became a worshipper of the Shining One
  5301 | D:6      | Reached skill level 8 in Axes
  5619 | D:6      | Noticed Menkaure
  5633 | D:6      | Killed Menkaure
  5640 | D:6      | Found a shadowy altar of Dithmenos.
  5780 | D:6      | Found a blossoming altar of Fedhas.
  5780 | D:6      | Found a basalt altar of Yredelemnul.
  5786 | D:6      | Found a sacrificial altar of Ru.
  5788 | D:6      | Found a shattered altar of Ashenzari.
  5789 | D:6      | Found a deep blue altar of Sif Muna.
  5947 | D:6      | Reached * piety under the Shining One
  6047 | D:7      | Noticed Duvessa
  6048 | D:7      | Noticed Dowan
  6095 | D:7      | Killed Duvessa
  6122 | D:7      | Killed Dowan
  6322 | D:7      | Reached XP level 9. HP: 78/78 MP: 8/8
  6339 | D:7      | Reached skill level 9 in Axes
  6542 | D:7      | Noticed Pikel
  6554 | D:7      | Killed Pikel
  6554 | D:7      | Reached skill level 10 in Axes
  6564 | D:7      | Found Xejoy's Magic Scroll Boutique.
  6588 | D:7      | Bought a scroll of identify for 28 gold pieces
  6588 | D:7      | Bought a scroll of identify for 28 gold pieces
  6591 | D:7      | Bought a scroll of remove curse for 42 gold pieces
  6591 | D:7      | Bought a scroll of teleportation for 42 gold pieces
  6591 | D:7      | Bought a scroll of teleportation for 42 gold pieces
  6591 | D:7      | Bought a scroll of enchant weapon for 105 gold pieces
  6855 | D:7      | Got a scorched war axe
  6856 | D:7      | Identified the +5 war axe of Gozag's Esteem {pain, MR+} (You found it on level 7 of the Dungeon)
  6919 | D:7      | Found an ornate altar of the Wu Jian Council.
  7083 | D:7      | Found a basalt altar of Yredelemnul.
  7522 | D:8      | Reached skill level 11 in Axes
  7811 | D:8      | Reached XP level 10. HP: 84/86 MP: 9/9
  8007 | D:8      | Noticed a two-headed ogre
  8016 | D:8      | Killed a two-headed ogre
  8375 | D:9      | Noticed aweigh's ghost (novice KoGl)
  8393 | D:9      | Killed aweigh's ghost
  8441 | D:9      | Noticed a two-headed ogre
  8441 | D:9      | Reached ** piety under the Shining One
  8451 | D:9      | Killed a two-headed ogre
  8451 | D:9      | Reached skill level 12 in Axes
  8774 | D:9      | Found a staircase to the Orcish Mines.
  8845 | D:9      | Noticed a tengu warrior
  8846 | D:9      | Noticed an unseen horror
  8851 | D:9      | Killed an unseen horror
  8879 | D:9      | Killed a tengu warrior
  8879 | D:9      | Reached skill level 13 in Axes
  8879 | D:9      | Reached XP level 11. HP: 62/95 MP: 10/10
  8886 | D:9      | Reached skill level 10 in Shields
  9079 | D:9      | Noticed a wolf spider
  9080 | D:9      | Noticed a deep elf knight
  9080 | D:9      | Noticed a stone giant
  9092 | D:9      | Killed a wolf spider
  9092 | D:9      | HP: 4/95 [stone giant/large rock (31)]
  9558 | D:9      | Killed a deep elf knight
  9558 | D:9      | Reached skill level 10 in Armour
  9568 | D:9      | Killed a stone giant
 10006 | D:10     | Entered Level 10 of the Dungeon
 10070 | D:10     | Noticed a two-headed ogre
 10077 | D:10     | Killed a two-headed ogre
 10103 | D:10     | Reached skill level 1 in Stealth
 10142 | D:10     | Found a sacrificial altar of Ru.
 10401 | D:10     | Noticed a two-headed ogre
 10411 | D:10     | Killed a two-headed ogre
 10550 | D:11     | Reached *** piety under the Shining One
 10612 | D:11     | Noticed Denreik's ghost (journeyman FoCK)
 10643 | D:11     | Killed Denreik's ghost
 10643 | D:11     | Reached skill level 14 in Axes
 11368 | D:11     | Noticed an orc knight
 11380 | D:11     | HP: 2/99 [orc knight/uncursed war axe (11)]
 11387 | D:11     | The Shining One protects you from harm!
 11393 | D:11     | Killed an orc knight
 11393 | D:11     | Reached skill level 10 in Fighting
 11393 | D:11     | Reached XP level 12. HP: 15/106 MP: 11/11
 11853 | D:11     | Found a staircase to the Lair.
 11886 | D:11     | Noticed a death yak
 11887 | D:11     | Noticed a death yak
 11887 | D:11     | Noticed a death yak
 11926 | D:11     | Killed a death yak
 11934 | D:11     | Killed a death yak
 11937 | D:11     | Killed a death yak
 11946 | D:11     | Reached skill level 15 in Axes
 12799 | D:11     | Reached **** piety under the Shining One
 12828 | D:11     | Slain by an orc warrior

Vault maps used:
D:1:      lightli_arrival_farm, serial_forest, infiniplex_forest_clump_diagonal,
          infiniplex_forest_side_room, infiniplex_forest_side_room,
          infiniplex_forest_end_2, infiniplex_forest_zigzag_1,
          infiniplex_forest_zigzag_2, grunt_decor_mini_mirrors,
          roderic_bali_sauvastika, evilmike_ruin_ashenzari
D:4:      vehumet_altar_wand_db
D:5:      minmay_temple_entry_fiery, first_bread, minmay_misc_feat_five,
          minivault_24, hangedman_decor_riveting
D:6:      chequers_temple_overflow_minitemple,
          nicolae_dithmenos_through_a_glass_darkly, uniq_menkaure
D:7:      overflow_temple_1_default, serial_shops, nicolae_shop_crystal,
          basic_altar, grunt_livestock, uniq_duvessa, uniq_pikel
D:9:      minmay_shrinking_squares, orc_0_dummy
D:10:     cheibrodos_helix_gallery, basic_altar
D:11:     lemuel_castle_with_subvaults, dpeg_lair_monsters
Temple:   eino_temple_scatter_basement

Skill      XL: |  1  2  3  4  5  6  7  8  9 10 11 12 |
---------------+-------------------------------------+-----
Armour         | 4 5 6 7 8 9 11 12 | 12.1
Shields        | 4 5 6 7 9 11 12 | 12.0
Axes           | 3 4 5 6 7 8 11 13 14 15 | 15.4
Fighting       | 4 5 6 7 8 10 | 10.7
Dodging        | 1 2 |  2.2
Stealth        | 1 |  1.0

Action                   |  1- 3 |  4- 6 |  7- 9 | 10-12 || total
-------------------------+-------+-------+-------+-------++-------
Melee: War axe           |   108 |   153 |   320 |   403 ||   984
       Headbutt          |    14 |    29 |    57 |   105 ||   205
Evoke: Wand              |       |       |     1 |       ||     1
  Use: Scroll            |       |     5 |    16 |    10 ||    31
       Potion            |       |     1 |     2 |     7 ||    10
  Eat: Bread ration      |     1 |       |     2 |     1 ||     4
       Meat ration       |       |     1 |       |     2 ||     3
       Fruit             |       |       |     1 |     2 ||     3
       Royal jelly       |       |       |     2 |       ||     2
Armor: Scale mail        |     6 |       |       |       ||     6
       Plate armour      |    75 |   105 |   161 |   209 ||   550
Dodge: Dodged            |    17 |    28 |    69 |   118 ||   232
Block: Shield            |    66 |    95 |   170 |   317 ||   648
       Large shield      |       |       |    27 |       ||    27
